 Dungeon Crawl Stone Soup version 0.29-a0-817-g9904bce7a6 (webtiles) character file.

Game seed: 11877705965289125607

72 gobodom the Chopper (level 4, -7/33 HPs)
             Began as a Demonspawn Gladiator on July 5, 2022.
             Was a Follower of Fedhas.
             Mangled by a gnoll
             ... wielding a +2 flail of protection
              (11 damage)
             ... on level 3 of the Dungeon.
             The game lasted 00:05:29 (1488 turns).

gobodom the Chopper (Demonspawn Gladiator)          Turns: 1488, Time: 00:05:30

Health: -7/33      AC:  4    Str: 21    XL:     4   Next: 7%
Magic:  13/13      EV: 13    Int:  8    God:    Fedhas [*.....]
Gold:   73         SH:  0    Dex: 19    Spells: 3/3 levels left

rFire   . . .      SeeInvis .   a - +0 war axe
rCold   . . .      Faith    .   (no shield)
rNeg    . . .      Spirit   .   b - +0 leather armour
rPois   .          Reflect  .   (no helmet)
rElec   .          Harm     .   (no cloak)
rCorr   .          Rampage  .   n - +0 pair of gloves
Will    .....                   (no boots)
Stlth   ++........              (no amulet)
HPRegen 0.11/turn               m - +6 ring of strength
MPRegen 0.13/turn               l - ring of magical power

@: hasted, unable to read, very quick
A: ignite blood 1, agile 1, high MP 1, inability to read while threatened 1
a: Renounce Religion


You were on level 3 of the Dungeon.
You worshipped Fedhas.
Fedhas was aware of your devotion.
You visited 1 branch of the dungeon, and saw 3 of its levels.

You collected 93 gold pieces.
You spent 20 gold pieces at shops.

Inventory:

Hand Weapons
 a - a +0 war axe (weapon)
 i - a +2 antimagic dagger
Missiles
 d - 2 throwing nets (quivered)
 e - a javelin
 f - 6 boomerangs of dispersal
Armour
 b - a +0 leather armour (worn)
 c - a +0 helmet
 n - a +0 pair of gloves (worn)
Jewellery
 l - a ring of magical power (right hand)
 m - a +6 ring of strength (left hand)
Scrolls
 h - a scroll of acquirement {unknown}
 k - a scroll of blinking {unknown}
Potions
 j - a potion of attraction {unknown}


   Skills:
 + Level 2.2 Fighting
 + Level 3.4 Axes
 + Level 1.9 Throwing
 + Level 0.5 Armour
 + Level 3.3 Dodging
 + Level 1.0 Stealth


You had 3 spell levels left.
You didn't know any spells.
Your spell library contained the following spells:

 Spells                   Type           Power      Damage    Failure   Level
 Static Discharge         Conj/Air       0%         3-3/arc   58%         2
 Lightning Bolt           Conj/Air       0%         1d11      100%        5
 Maxwell's Capacitive Co  Air            0%         ∞         100%        8


Dungeon Overview and Level Annotations

Branches:
Dungeon (3/15)

Altars:
Fedhas

Shops:
D:2 (??


Innate Abilities, Weirdness & Mutations

Your demonic aura sometimes causes spilled blood to erupt in flames.
You are agile. (Dex +4, Str/Int -1)
You have an increased reservoir of magic. (+10% MP)
You occasionally lose the ability to read scrolls when taking damage.


Message History

You kill the gnoll!
Fedhas appreciates your contribution to the ecosystem.
The gnoll hits you with a +0 flail!
You barely miss the gnoll. The gnoll hits you with a +0 flail.
You feel threatened and lose the ability to read scrolls!
* * * LOW HITPOINT WARNING * * *
Okay, then.
You feel yourself speed up. The gnoll barely misses you.
You slash the gnoll!
The gnoll is almost dead.
The gnoll hits you with a +0 flail.
* * * LOW HITPOINT WARNING * * *
You slash the gnoll!
You kill the gnoll!
Fedhas appreciates your contribution to the ecosystem.
You hit the gnoll but do no damage. You hit the rat but do no damage.
The rat misses you. The gnoll completely misses you.
You hit the gnoll but do no damage. You hit the rat.
You kill the rat!
Fedhas appreciates your contribution to the ecosystem.
You hit the gnoll but do no damage. You hit the gnoll.
The gnoll is lightly wounded.
You can read scrolls again.
The gnoll hits you with a +0 flail.
* * * LOW HITPOINT WARNING * * *
You hit the gnoll but do no damage.
The gnoll is lightly wounded.
You slash the gnoll!
You kill the gnoll!
Fedhas appreciates your contribution to the ecosystem.
Your Stealth skill increases to level 1!
You have reached level 4!
You feel agile.
You hit the gnoll.
The gnoll is moderately wounded.
The gnoll hits you with a +2 flail of protection!
You feel threatened and lose the ability to read scrolls!
You die...
Fedhas appreciates your contribution to the ecosystem.

.. #. .#.# . .##.
.#. ... ... r. #
....##.## .#.##.#
........####.......
#.....)........
###....#.......
####g#.......
#@#.#####. #.).#
#...... ...#.##..
##..... .....# ...
## ....


You could see a gnoll.

Vanquished Creatures
  3 gnolls (D:3)
  An adder (D:2)
  A dart slug (D:1)
  An orc (D:3)
  6 ball pythons
  A bat (D:2)
  4 endoplasms
  A giant cockroach (D:2)
  2 goblins
  3 hobgoblins
  2 kobolds
  A quokka (D:2)
  A frilled lizard (D:1)
  3 rats
30 creatures vanquished.

Notes
Turn   | Place    | Note
-------+----------+-------------------------------------------
     0 | D:1      | gobodom the Demonspawn Gladiator began the quest for the
                  | Orb.
     0 | D:1      | Reached XP level 1. HP: 16/16 MP: 1/1
   453 | D:1      | Gained mutation: Your demonic aura sometimes causes spilled
                  | blood to erupt in flames. [demonic ancestry]
   453 | D:1      | Reached XP level 2. HP: 21/22 MP: 2/2
   456 | D:1      | You fall into a shaft and drop 1 floor!
   543 | D:2      | Found Jiewetuy's Antique Weapon Shop.
   546 | D:2      | Found a faded altar of an unknown god.
   562 | D:2      | Prayed at the altar of an unknown god.
   562 | D:2      | Became a worshipper of Fedhas Madash
   562 | D:2      | Reached * piety under Fedhas
   572 | D:2      | Found Fomavauh's Magic Scroll Emporium.
   579 | D:2      | Bought a scroll of identify for 20 gold pieces
   642 | D:2      | Gained mutation: Your magical capacity is low. (-10% MP)
                  | [potion of mutation]
   642 | D:2      | Gained mutation: You possess an exceptional clarity of
                  | mind. [potion of mutation]
   642 | D:2      | Gained mutation: Your spells are a little harder to cast,
                  | but a little more powerful. [potion of mutation]
   643 | D:2      | Lost mutation: Your magical capacity is low. (-10% MP)
                  | [potion of mutation]
   643 | D:2      | Lost mutation: You possess an exceptional clarity of mind.
                  | [potion of mutation]
   643 | D:2      | Gained mutation: You have large cloven feet. [potion of
                  | mutation]
   643 | D:2      | Gained mutation: You are resistant to electric shocks.
                  | (rElec) [potion of mutation]
   823 | D:2      | Found Evoleh's Magic Scroll Shoppe.
  1023 | D:2      | Reached XP level 3. HP: 27/27 MP: 3/3
  1295 | D:2      | Lost mutation: You are resistant to electric shocks.
                  | (rElec) [potion of mutation]
  1295 | D:2      | Lost mutation: Your spells are a little harder to cast, but
                  | a little more powerful. [potion of mutation]
  1295 | D:2      | Lost mutation: You have large cloven feet. [potion of
                  | mutation]
  1295 | D:2      | Gained mutation: Your magical capacity is low. (-10% MP)
                  | [potion of mutation]
  1295 | D:2      | Gained mutation: You have a pair of small antennae on your
                  | head. [potion of mutation]
  1296 | D:2      | Lost mutation: You have a pair of small antennae on your
                  | head. [potion of mutation]
  1296 | D:2      | Lost mutation: Your magical capacity is low. (-10% MP)
                  | [potion of mutation]
  1296 | D:2      | Gained mutation: You are agile. (Dex +4, Str/Int -1)
                  | [potion of mutation]
  1296 | D:2      | Gained mutation: You occasionally lose the ability to read
                  | scrolls when taking damage. [potion of mutation]
  1296 | D:2      | Gained mutation: You have an increased reservoir of magic.
                  | (+10% MP) [potion of mutation]
  1488 | D:3      | Reached skill level 1 in Stealth
  1488 | D:3      | Reached XP level 4. HP: 4/33 MP: 4/4
  1488 | D:3      | Mangled by a gnoll

Illustrated notes

Levels and vault maps discovered:
D:1:      lightli_arrival_chessboard, layout_basic
D:2:      layout_basic, serial_shops, nicolae_shop_statue_plus,
          nicolae_shop_stone, shop, basic_altar,
          ebering_ecumenical_altar_sacrificial
D:3:      layout_rooms, nicolae_overflow_hidden_temple,
          gammafunk_temple_overflow_elements, ebering_ghost_gozag,
          hangedman_feature_mirror

Skill      XL: |  1  2  3 |
---------------+----------+-----
Dodging        | 3 |  3.3
Axes           | 3 |  3.4
Stealth        | 1 |  1.0
Fighting       | |  2.2
Throwing       | |  1.9
Armour         | |  0.5

Action                   |  1- 3 |  4- 6 || total
-------------------------+-------+-------++-------
Melee: War axe           |    69 |     1 ||    70
       Punch             |     1 |       ||     1
       Kick              |     2 |       ||     2
Throw: Throwing net      |     2 |       ||     2
  Use: Potion            |     5 |       ||     5
       Scroll            |     2 |       ||     2
Armor: Leather armour    |    24 |       ||    24
Dodge: Dodged            |    50 |       ||    50

Table legend: (Time is in decaauts)
 A = Elapsed time spent in this place.
 B = Non-inter-level travel time spent in this place.
 C = Inter-level travel time spent in this place.
 D = Time resting spent in this place.
 E = Time spent auto-exploring this place.
 F = Levels seen in this place.
 G = Mean time per level.
                   A        B        C        D        E       F      G
               +--------+--------+--------+--------+--------+-----+--------+
         Total |   1506 |   1506 |      0 |      0 |   1237 |   3 |  502.0 |
       Dungeon |   1506 |   1506 |      0 |      0 |   1237 |   3 |  502.0 |
               +--------+--------+--------+--------+--------+-----+--------+

Top non-repeatable levels by time:
     D:2: 908 daAuts
     D:1: 462 daAuts
     D:3: 135 daAuts
